 Dungeon Crawl Stone Soup version 0.26.1-11-gd32895ea62 (webtiles) character file.

Game seed: 15216072320592448306

525 Almogavar the Fighter (level 7, -8/67 HPs)
             Began as a Gnoll Wanderer on July 11, 2021.
             Killed by divine providence
             ... invoked by an orc priest
              (12 damage)
             ... on level 4 of the Dungeon.
             The game lasted 00:08:56 (2853 turns).

Almogavar the Fighter (Gnoll Wanderer)              Turns: 2853, Time: 00:08:57

Health: -8/67      AC: 10    Str: 17    XL:     7   Next: 22%
Magic:  10/10      EV: 10    Int: 16    God:
Gold:   183        SH:  0    Dex: 12    Spells: 10/10 levels left

rFire    . . .     SeeInvis .   u - +1 mace (vorpal)
rCold    + . .     Faith    .   (no shield)
rNeg     . . .     Spirit   .   d - +2 scale mail
rPois    .         Reflect  .   (no helmet)
rElec    .         Harm     .   (no cloak)
rCorr    +         Rampage  .   n - +0 pair of gloves
Will     .....                  (no boots)
Stlth    +.........             l - amulet of regeneration
HPRegen  0.61/turn              k - ring of protection from cold
MPRegen  0.12/turn              q - ring of resist corrosion

@: no status effects
A: distributed training, fangs 1, strong nose
a: no special abilities


You were on level 4 of the Dungeon.
You visited 1 branch of the dungeon, and saw 4 of its levels.

You collected 183 gold pieces.

Inventory:

Hand Weapons
 s - a +0 shortbow
 u - a +1 vorpal mace (weapon)
Missiles
 e - 38 arrows
 f - 24 bolts
 j - 54 stones (quivered)
 r - 22 sling bullets
Armour
 c - a +0 buckler
 d - a +2 scale mail (worn)
 n - a +0 pair of gloves (worn)
Jewellery
 k - a ring of protection from cold (left hand)
 l - an amulet of regeneration (around neck)
 q - a ring of resist corrosion (right hand)
 t - an uncursed amulet of magic regeneration {unknown}
Scrolls
 g - a scroll of enchant weapon {unknown}
 h - 2 scrolls of identify
 i - 2 scrolls of remove curse
 o - a scroll of enchant armour {unknown}
 p - a scroll of fog
 x - a scroll of blinking
Potions
 a - a potion of heal wounds {unknown}
 b - 2 potions of curing
 m - a potion of lignification {unknown}
 v - a potion of berserk rage {unknown}
 w - a potion of resistance {unknown}


   Skills:
 + Level 10.6 Fighting
 + Level 2.3 Short Blades
 + Level 2.3 Long Blades
 + Level 2.3 Axes
 + Level 2.3 Maces & Flails
 + Level 2.3 Polearms
 + Level 2.3 Staves
 + Level 2.3 Slings
 + Level 3.5 Bows
 + Level 2.3 Crossbows
 + Level 2.3 Throwing
 + Level 5.2 Armour
 + Level 2.3 Dodging
 + Level 3.3 Stealth
 + Level 3.5 Shields
 + Level 2.3 Unarmed Combat
 + Level 2.3 Spellcasting
 + Level 1.9 Conjurations
 + Level 1.9 Hexes
 + Level 1.9 Summonings
 + Level 1.9 Necromancy
 + Level 1.9 Translocations
 + Level 1.9 Transmutations
 + Level 1.9 Fire Magic
 + Level 1.9 Ice Magic
 + Level 1.9 Air Magic
 + Level 1.9 Earth Magic
 + Level 1.9 Poison Magic
 + Level 2.6 Invocations
 + Level 2.3 Evocations


You had 10 spell levels left.
You didn't know any spells.
Your spell library was empty.

Dungeon Overview and Level Annotations

Branches:
Dungeon (4/15)
 Temple: D:4-7

Altars:

Annotations:
D:4 Edmund


Innate Abilities, Weirdness & Mutations

Your experience applies equally to all skills.
You have very sharp teeth.
Your uncanny sense of smell can sniff out nearby items.


Message History

It is a scroll of identify.
i - 2 scrolls of remove curse Edmund closely misses you.
As you read the scroll labelled JAUSSE MUSMUB, it crumbles to dust.
The scroll dissolves into smoke.
It was a scroll of fog.
The adder barely misses you.
Edmund hits you with a +1 dire flail of protection.
* * * LOW HITPOINT WARNING * * *
Blink to where?
Press: ? - help, Dir - move target, p - Edmund
As you read the scroll labelled ROOFETI QAQA, it crumbles to dust.
It was a scroll of blinking.
The adder closely misses you.
Blink to where?
Press: ? - help, Dir - move target, f - you
Okay, then.
An orc priest comes into view. It is wielding a +0 dagger.
The orc priest shouts!
The orc priest mumbles some strange prayers to Beogh against you.
Beogh smites you!
You die...

.# #.# <# ###.########.
.##
.###............#..##
....................##
.###.#.######........##o
.# #.#.# ..............
.###.#.##...#........#
.##.........#.......#
.#.###.##...# #§@§.#
..## ##.## ## #§S.## ..#
#..# ####§### ..## ##))#
#.o§@# .#.###.#)# #.####
.##...##.# #.#
########.# #o# #.# #.#
#.# #.#


You could see an orc priest and an adder.

Vanquished Creatures
  An ogre (D:4)
  A phantom (D:4)
  A centaur (D:2)
  A gnoll shaman (D:4)
  3 worker ants (D:4)
  5 gnolls (D:4)
  7 adders
  An ooze (D:1)
  A worm (D:2)
  4 dart slugs
  5 leopard geckos
  An orc (D:3)
  6 giant cockroaches
  4 goblins
  4 hobgoblins
  3 kobolds
  A quokka (D:4)
  A ball python (D:3)
  3 bats
  A frilled lizard (D:4)
  6 rats
60 creatures vanquished.

Notes
Turn   | Place    | Note
-------+----------+-------------------------------------------
     0 | D:1      | Reached skill level 10 in Fighting
     0 | D:1      | Almogavar the Gnoll Wanderer began the quest for the Orb.
     0 | D:1      | Almogavar set off with the following items: a +0 club, a
                  | potion of curing, a +0 buckler, a +2 scale mail
     0 | D:1      | Reached XP level 1. HP: 28/28 MP: 1/1
   107 | D:1      | Reached XP level 2. HP: 31/36 MP: 2/2
   724 | D:1      | Reached XP level 3. HP: 42/42 MP: 3/3
  1041 | D:2      | Reached skill level 1 in Invocations
  1245 | D:2      | Reached skill level 1 in Short Blades
  1245 | D:2      | Reached skill level 1 in Long Blades
  1245 | D:2      | Reached skill level 1 in Axes
  1245 | D:2      | Reached skill level 1 in Maces & Flails
  1245 | D:2      | Reached skill level 1 in Polearms
  1245 | D:2      | Reached skill level 1 in Staves
  1245 | D:2      | Reached skill level 1 in Slings
  1245 | D:2      | Reached skill level 1 in Crossbows
  1245 | D:2      | Reached skill level 1 in Throwing
  1245 | D:2      | Reached skill level 1 in Dodging
  1245 | D:2      | Reached skill level 1 in Unarmed Combat
  1245 | D:2      | Reached skill level 1 in Spellcasting
  1245 | D:2      | Reached skill level 1 in Evocations
  1245 | D:2      | Reached XP level 4. HP: 48/48 MP: 5/5
  1364 | D:2      | Noticed a centaur
  1367 | D:2      | Found a faded altar of an unknown god.
  1385 | D:2      | Killed a centaur
  1386 | D:2      | Reached skill level 1 in Conjurations
  1386 | D:2      | Reached skill level 1 in Hexes
  1386 | D:2      | Reached skill level 1 in Summonings
  1386 | D:2      | Reached skill level 1 in Necromancy
  1386 | D:2      | Reached skill level 1 in Translocations
  1386 | D:2      | Reached skill level 1 in Transmutations
  1386 | D:2      | Reached skill level 1 in Fire Magic
  1386 | D:2      | Reached skill level 1 in Ice Magic
  1386 | D:2      | Reached skill level 1 in Air Magic
  1386 | D:2      | Reached skill level 1 in Earth Magic
  1386 | D:2      | Reached skill level 1 in Poison Magic
  1386 | D:2      | Reached XP level 5. HP: 32/54 MP: 5/7
  2136 | D:3      | You fall into a shaft and drop 1 floor!
  2193 | D:4      | Reached XP level 6. HP: 61/61 MP: 8/8
  2334 | D:4      | Reached skill level 5 in Armour
  2599 | D:4      | Reached XP level 7. HP: 67/67 MP: 10/10
  2778 | D:4      | Noticed Edmund
  2846 | D:4      | HP: 1/67 [Edmund/+1 dire flail of protection (4)]
  2851 | D:4      | HP: 3/67 [Edmund/+1 dire flail of protection (2)]
  2853 | D:4      | Killed from afar by an orc priest

Illustrated notes

Levels and vault maps discovered:
D:1:      dpeg_arrival_rooms_c, layout_loops_ring,
          chequers_serial_rivers_micro_d, minmay_octomino_c4
D:2:      layout_basic, chequers_ecumenical_altar_island
D:3:      layout_loops_cross, nzn_hepliaklqana_mist_gate
D:4:      layout_loops_ring, kennysheep_mini_moat, uniq_edmund

Skill      XL: |  1  2  3  4  5  6 |
---------------+-------------------+-----
Fighting       | | 10.6
Invocations    | 1 2 |  2.6
Short Blades   | 1 2 |  2.3
Long Blades    | 1 2 |  2.3
Axes           | 1 2 |  2.3
Maces & Flails | 1 2 |  2.3
Polearms       | 1 2 |  2.3
Staves         | 1 2 |  2.3
Slings         | 1 2 |  2.3
Crossbows      | 1 2 |  2.3
Throwing       | 1 2 |  2.3
Dodging        | 1 2 |  2.3
Unarmed Combat | 1 2 |  2.3
Spellcasting   | 1 2 |  2.3
Evocations     | 1 2 |  2.3
Conjurations   | 1 |  1.9
Hexes          | 1 |  1.9
Summonings     | 1 |  1.9
Necromancy     | 1 |  1.9
Translocations | 1 |  1.9
Transmutations | 1 |  1.9
Fire Magic     | 1 |  1.9
Ice Magic      | 1 |  1.9
Air Magic      | 1 |  1.9
Earth Magic    | 1 |  1.9
Poison Magic   | 1 |  1.9
Bows           | 3 |  3.5
Shields        | 3 |  3.5
Stealth        | 3 |  3.3
Armour         | 5 |  5.2

Action                   |  1- 3 |  4- 6 |  7- 9 || total
-------------------------+-------+-------+-------++-------
Melee: Club              |   139 |    47 |       ||   186
       Bite              |    16 |    12 |     5 ||    33
       Mace              |       |    40 |    46 ||    86
 Fire: Shortbow          |       |    75 |    11 ||    86
  Use: Scroll            |       |       |     3 ||     3
       Potion            |       |       |     1 ||     1
Armor: Scale mail        |    59 |    70 |    17 ||   146
Dodge: Dodged            |    50 |    43 |    24 ||   117
Block: Buckler           |    30 |     9 |       ||    39
